 Dungeon Crawl Stone Soup version 0.32-a0-42-ga30500b4d3 (webtiles) character file.

Game seed: 15557106684043626129

879 cforsyth the Trooper (level 8, -7/61 HPs)
             Began as a Djinni Hedge Wizard on Feb 1, 2024.
             Was an Initiate of Gozag.
             Killed from afar by an acid dragon (26 damage)
             ... with a splash of acid
             ... on level 5 of the Dungeon.
             The game lasted 00:05:53 (5383 turns).

cforsyth the Trooper (Djinni Hedge Wizard)          Turns: 5383, Time: 00:05:54

Health: -7/61      AC:  0    Str:  9    XL:     8   Next: 25%
Gold:   149        EV: 12    Int: 18    God:    Gozag SH:  0 Dex: 13

rFire   + + .        a - +0 dagger
rCold   x . .        (no shield)
rNeg    . . .        b - +0 robe
rPois   ∞            c - +0 hat
rElec   .            i - +1 cloak
rCorr   .            (no gloves)
SInv    .            (boots unavailable)
Will    .....        m - amulet of regeneration
Stlth   ++           n - +4 ring of protection
HPRegen 1.10/turn    (no ring)
MPRegen 0.00/turn

%: infuse magic (-8 HP)
@: corroded, flying
A: sickness immunity, fire resistance 2, cold vulnerability 1, float, innate
caster, HP casting, extra vitality 1
a: Renounce Religion, Potion Petition, Call Merchant, Bribe Branch


You were on level 5 of the Dungeon.
You worshipped Gozag.
Gozag was aware of your devotion.
You visited 2 branches of the dungeon, and saw 6 of its levels.

You collected 353 gold pieces.
You spent 124 gold pieces at shops.
You paid 80 gold pieces to Gozag.

Inventory:

Hand Weapons
 a - a +0 dagger (weapon)
Armour
 b - a +0 robe (worn)
 c - a +0 hat (worn)
 i - a +1 cloak (worn)
Jewellery
 m - an amulet of regeneration (around neck)
 n - a +4 ring of protection (left hand)
Wands
 q - a wand of roots (9)
Scrolls
 d - a scroll of fog {unknown}
 e - a scroll of vulnerability {unknown}
 f - a scroll of torment {unknown}
 h - 2 scrolls of immolation {unknown}
 j - 3 scrolls of teleportation {unknown}
 o - a scroll of amnesia {unknown}
 p - 4 scrolls of identify {unknown}
 r - a scroll of enchant armour {unknown}
 v - a scroll of acquirement {unknown}
Potions
 g - a potion of lignification {unknown}
 k - 5 potions of heal wounds {unknown}
 l - 2 potions of brilliance {unknown}
 s - 4 potions of curing {unknown}
 t - a potion of enlightenment {unknown}
 u - a potion of might {unknown}
 w - a potion of haste {unknown}
 x - a potion of mutation {unknown}


   Skills:
 + Level 6.2 Fighting
 - Level 2.1 Dodging
 - Level 1.5 Stealth
 + Level 5.6 Spellcasting
 + Level 5.6 Conjurations
 + Level 5.6 Hexes
 + Level 5.6 Summonings
 + Level 5.6 Necromancy
 + Level 5.6 Translocations
 + Level 5.6 Fire Magic
 + Level 5.6 Ice Magic
 + Level 5.6 Air Magic
 + Level 5.6 Earth Magic
 + Level 5.6 Alchemy


You knew the following spells:

 Your Spells              Type           Power      Damage    Failure   Level
a - Magic Dart            Conj           100%       1d8       1%          1
b - Slow                  Hex            100%       N/A       1%          1
c - Blink                 Tloc           50%        N/A       1%          2
d - Call Imp              Summ           50%        N/A       1%          2
e - Mephitic Cloud        Conj/Alch/Air  25%        N/A       3%          3
f - Shock                 Conj/Air       100%       1d9       1%          1
g - Lesser Beckoning      Tloc           50%        N/A       1%          2
h - Dazzling Flash        Conj/Hex       50%        N/A       3%          3
Your spell library was empty.

Dungeon Overview and Level Annotations

Branches:
Dungeon (5/15)             Temple (1/1) D:5

Altars:
Ashenzari
Cheibriados
Dithmenos
Elyvilon
Fedhas
Gozag
Hepliaklqana
Makhleb
Nemelex Xobeh
Okawaru
Qazlal
Ru
Trog
Uskayaw
Xom
Zin
The Shining One

Shops:
D:1 (   D:4 :   D:5 :[*


Innate Abilities, Weirdness & Mutations

You are immune to sickness and miasma.
You are immune to poison.
Your flesh is very heat resistant. (rF++)
You are vulnerable to cold. (rC-)
You float through the air rather than walking.
You learn spells naturally, not from books.
Your magical power is your life essence.
You have superior vitality. (+4 MHP)


Message History

You now have 135 gold pieces (gained 20).
You swap places.
You now have 138 gold pieces (gained 3).
You now have 149 gold pieces (gained 11).
Your cerulean imp disappears in a puff of smoke!
An acid dragon is nearby!
An acid dragon is nearby!
An acid dragon is nearby!
An acid dragon is nearby!
The magic dart hits the acid dragon.
The acid dragon is lightly wounded.
The acid dragon roars!
The acid dragon spits acid at you. The splash of acid hits you!!
The acid corrodes you!
The magic dart hits the acid dragon.
The acid dragon is moderately wounded.
Casting: Magic Dart (safe; 1% risk of failure)
Confirm with . or Enter, or press ? or * to list all spells.
You can't see any susceptible monsters within range! (Use Z to cast anyway.)
Casting: Magic Dart (safe; 1% risk of failure)
Confirm with . or Enter, or press ? or * to list all spells.
A tiny devil pulls itself out of the air.
The acid dragon bites your cerulean imp!
The acid dragon claws your cerulean imp.
Your cerulean imp hits the acid dragon but does no damage.
The acid dragon roars!
The acid dragon spits acid at you. The splash of acid hits you!!!
Ouch! That really hurt!
* * * LOW HITPOINT WARNING * * *
The acid corrodes you!
Your cerulean imp hits the acid dragon but does no damage.
Your cerulean imp closely misses the acid dragon.
The acid dragon bites your cerulean imp!
Your cerulean imp dies!
Your cerulean imp disappears in a puff of smoke!
The acid dragon spits acid at you. The splash of acid hits you!!
You die...
Your body crumbles into a pile of gold.

#####.## #.#####.#####.##.##.##
##.....#####.##.......##.#####...
##.##................∩.#.# ##..
##.##.######.#.###.##..#.# #.#
......# #.#.###.......# #...
##.#### #..<....##..### #
#.###### ###.###.......#
#.##...####.....#.##..#.# #.D.
#......#......#@#.#..>#.# ###...
####...#......#.#.#.#.#.. .....
##.##......#.#>...... .....
#.##.....##.#......# ....
#.##.....##.#.#. #.# #...
#.......D.D.#.#.##.# #...
#####.####........#..#.# ###...
##.....####.#####..##.#.# #.....
#......##......##..##.#.# #.#...


You could see an acid dragon (catching breath).

Vanquished Creatures
  A black bear (D:5)
  2 ice beasts
  4 scorpions
  A hound (D:5)
  2 orc priests (D:5)
  An iguana (D:5)
  Natasha (thrice) (D:2 D:1)
  An orc wizard (D:3)
  4 adders
  A white imp (D:4)
  7 ribbon worms
  4 dart slugs
  11 orcs
  7 ball pythons
  3 bats
  9 endoplasms
  7 giant cockroaches
  8 goblins
  6 hobgoblins
  4 jackals (D:1)
  6 quokkas
  2 frilled lizards
  2 kobolds
  4 rats
100 creatures vanquished.

Notes
Turn   | Place    | Note
-------+----------+-------------------------------------------
     0 | D:1      | cforsyth the Djinni Hedge Wizard began the quest for the
                  | Orb.
     0 | D:1      | cforsyth set off with the following spells memorised: Magic
                  | Dart, Slow, Blink, Call Imp, Mephitic Cloud.
     0 | D:1      | Reached XP level 1. HP: 15/15 MP: 0/0
   109 | D:1      | Reached XP level 2. HP: 6/22 MP: 0/0
   189 | D:1      | Reached skill level 1 in Fighting
   485 | D:1      | Reached XP level 3. HP: 26/27 MP: 0/0
   485 | D:1      | Learned a level 1 spell: Shock
   997 | D:1      | Reached skill level 2 in Fighting
  1108 | D:1      | Found Waguv's Weapon Emporium.
  1344 | D:2      | Reached XP level 4. HP: 26/33 MP: 0/0
  1655 | D:2      | Noticed Natasha
  1662 | D:2      | Killed Natasha
  1683 | D:2      | Noticed Natasha
  1688 | D:2      | Killed Natasha
  1689 | D:2      | Reached skill level 3 in Fighting
  1689 | D:2      | Reached XP level 5. HP: 14/40 MP: 0/0
  1689 | D:2      | Learned a level 2 spell: Lesser Beckoning
  1868 | D:2      | Noticed Natasha
  1886 | D:1      | Killed Natasha
  2666 | D:1      | Found Waguv's Weapon Emporium.
  3260 | D:3      | Found a glowing silver altar of Zin.
  3416 | D:3      | Noticed an ice beast
  3440 | D:3      | Killed an ice beast
  3441 | D:3      | Reached skill level 4 in Fighting
  3441 | D:3      | Reached XP level 6. HP: 22/47 MP: 0/0
  4349 | D:4      | Reached XP level 7. HP: 36/53 MP: 0/0
  4349 | D:4      | Learned a level 3 spell: Dazzling Flash
  4365 | D:4      | Found a hazy altar of Hepliaklqana.
  4373 | D:4      | Found Beacla's Self-Published Books.
  4633 | D:5      | Entered Level 5 of the Dungeon
  4667 | D:5      | Noticed an acid dragon
  4813 | D:5      | Found a staircase to the Ecumenical Temple.
  4820 | D:5      | Reached skill level 5 in Fighting
  4820 | D:5      | Reached skill level 5 in Spellcasting
  4820 | D:5      | Reached skill level 5 in Conjurations
  4820 | D:5      | Reached skill level 5 in Hexes
  4820 | D:5      | Reached skill level 5 in Summonings
  4820 | D:5      | Reached skill level 5 in Necromancy
  4820 | D:5      | Reached skill level 5 in Translocations
  4820 | D:5      | Reached skill level 5 in Fire Magic
  4820 | D:5      | Reached skill level 5 in Ice Magic
  4820 | D:5      | Reached skill level 5 in Air Magic
  4820 | D:5      | Reached skill level 5 in Earth Magic
  4820 | D:5      | Reached skill level 5 in Alchemy
  4824 | Temple   | Entered the Ecumenical Temple
  4860 | Temple   | Became a worshipper of Gozag Ym Sagoz the Greedy
  5033 | D:5      | Found Aminebou's Book Boutique.
  5070 | D:5      | Found Netateas's Assorted Antiques.
  5088 | D:5      | Bought a scroll labelled DUALASUNUR for 22 gold pieces
  5088 | D:5      | Bought a scroll labelled DUALASUNUR for 22 gold pieces
  5088 | D:5      | Bought a fuming emerald potion for 19 gold pieces
  5088 | D:5      | Bought 2 fuming ruby potions for 39 gold pieces
  5088 | D:5      | Bought a scroll labelled KYHEYNOKIZ for 22 gold pieces
  5145 | D:5      | Reached XP level 8. HP: 57/61 MP: 0/0
  5203 | D:5      | Found Qimnu's Antique Armour Boutique.
  5284 | D:5      | Reached skill level 6 in Fighting
  5383 | D:5      | Killed from afar by an acid dragon

Illustrated notes

Levels and vault maps discovered:
D:1:      mrwooster_arrival_statue_2, layout_loops_corners, serial_shops,
          nicolae_shop_tiny_real_fake_doors
D:2:      cheibrodos_helix_gallery, layout_rooms, nicolae_wormholes,
          uniq_natasha
D:3:      layout_loops_corners, zin_academy, kennysheep_generic_room_8
D:4:      layout_rooms, kennysheep_mini, nicolae_custom_books,
          hangedman_decor_push
D:5:      layout_loops_cross, minmay_temple_entry_proselytizer, serial_shops,
          shop, nicolae_shop_crystal, shop, hangedman_decor_diamond_cutter,
          minivault_25, uniq_sigmund
Temple:   mainiacjoe_temple_bowtie_tessellation

Skill      XL: |  1  2  3  4  5  6  7  8 |
---------------+-------------------------+-----
Fighting       | 1 2 3 4 5 6 |  6.2
Spellcasting   | 4 5 |  5.6
Conjurations   | 4 5 |  5.6
Hexes          | 4 5 |  5.6
Summonings     | 4 5 |  5.6
Necromancy     | 4 5 |  5.6
Translocations | 4 5 |  5.6
Fire Magic     | 4 5 |  5.6
Ice Magic      | 4 5 |  5.6
Air Magic      | 4 5 |  5.6
Earth Magic    | 4 5 |  5.6
Alchemy        | 4 5 |  5.6
Dodging        | |  2.1
Stealth        | |  1.5

Action                     |  1- 3 |  4- 6 |  7- 9 || total
---------------------------+-------+-------+-------++-------
  Melee: Dagger            |       |     7 |       ||     7
   Cast: Magic Dart        |    96 |   181 |   121 ||   398
         Mephitic Cloud    |       |     4 |     4 ||     8
         Call Imp          |       |     1 |     2 ||     3
         Slow              |       |     1 |     1 ||     2
         Blink             |       |     1 |       ||     1
 Armour: Robe              |     5 |    38 |    22 ||    65
  Dodge: Dodged            |    14 |    32 |    19 ||    65

Table legend: (Time is in decaauts)
 A = Elapsed time spent in this place.
 B = Non-inter-level travel time spent in this place.
 C = Inter-level travel time spent in this place.
 D = Time resting spent in this place.
 E = Time spent auto-exploring this place.
 F = Levels seen in this place.
 G = Mean time per level.
                   A        B        C        D        E       F      G
               +--------+--------+--------+--------+--------+-----+--------+
         Total |   5390 |   5163 |    227 |    292 |   4121 |   6 |  898.3 |
       Dungeon |   5320 |   5161 |    159 |    292 |   4121 |   5 | 1064.0 |
        Temple |     69 |      1 |     68 |      0 |      0 |   1 |   69.0 |
               +--------+--------+--------+--------+--------+-----+--------+

Top non-repeatable levels by time:
     D:1: 2385 daAuts
     D:3: 965 daAuts
     D:2: 862 daAuts
     D:5: 680 daAuts
     D:4: 426 daAuts
  Temple: 69 daAuts
